 Dungeon Crawl Stone Soup version 0.27.1-35-g4d5d836560 (console) character file.

Game seed: 16179668488242830369

3038 Banquo the Cleaver (level 10, -2/76 HPs)
             Began as a Formicid Fighter on Mar 4, 2022.
             Was a Priest of Trog.
             Slain by a yak (11 damage)
             ... on level 8 of the Dungeon on Mar 5, 2022.
             The game lasted 00:26:12 (8721 turns).

Banquo the Cleaver (Formicid Fighter)               Turns: 8721, Time: 00:26:12

Health: -2/76      AC:  4    Str: 25    XL:     10   Next: 11%
Magic:  10/10      EV: 11    Int:  7    God:    Trog [***...]
Gold:   675        SH: 11    Dex: 10    Spells: 9/9 levels left

rFire    + . .     SeeInvis +   a - +0 war axe
rCold    + . .     Faith    .   c - +0 kite shield
rNeg     . . .     Spirit   .   d - +0 plate armour
rPois    .         Reflect  .   (helmet unavailable)
rElec    .         Harm     .   e - scarf {rC+ rF+}
rCorr    .         Rampage  .   (no gloves)
Will     +....                  (no boots)
Stlth    ..........             w - amulet of the acrobat
HPRegen  0.22/turn              A - +4 ring of protection
MPRegen  0.12/turn              E - +4 ring of evasion

@: corroded
A: permanent stasis, dig shafts and tunnels, antennae 3, four strong arms
a: Dig, Shaft Self, Renounce Religion, Trog's Hand


You were on level 8 of the Dungeon.
You worshipped Trog.
Trog was most pleased with you.
You visited 1 branch of the dungeon, and saw 8 of its levels.
You also visited: Ossuary.

You collected 675 gold pieces.

Inventory:

Hand Weapons
 a - a +0 war axe (weapon)
 j - a +2 whip of draining
 q - a +0 flail of holy wrath
 y - a +2 halberd of freezing
 D - a +3 spear
Missiles
 h - 14 javelins
 m - 2 throwing nets
 n - 190 stones
Armour
 b - a +0 scale mail
 c - a +0 kite shield (worn)
 d - a +0 plate armour (worn)
 e - a scarf of resistance (worn)
Jewellery
 i - a ring of ice
 k - a ring of willpower
 o - a +4 ring of evasion
 p - a +6 ring of dexterity
 r - an amulet of reflection
 s - a +4 ring of protection
 u - an amulet of magic regeneration
 w - an amulet of the acrobat (around neck)
 A - a +4 ring of protection (left hand)
 E - a +4 ring of evasion (right hand)
Wands
 t - a wand of iceblast (27)
Scrolls
 l - a scroll of fear
 C - a scroll of identify
Potions
 f - a potion of ambrosia
 g - 2 potions of magic
 v - a potion of might
 x - 2 potions of curing
 z - a potion of flight
 B - a potion of mutation


   Skills:
 * Level 5.6 Fighting
 * Level 10.5 Axes
 * Level 6.1 Armour
 + Level 2.1 Dodging
 * Level 7.0 Shields


You had 9 spell levels left.
You didn't know any spells.
Your spell library was empty.

Dungeon Overview and Level Annotations

Branches:
Dungeon (8/15)             Temple (0/1) D:5         Ossuary (visited)
   Lair: D:8-11

Altars:
Trog
Xom

Annotations:
D:3 Ijyb
D:6 1 runed translucent door, Tzialkovskiy's ghost, novice TrBr


Innate Abilities, Weirdness & Mutations

You cannot be hasted, slowed, berserked, paralysed or teleported.
You can dig through walls and to a lower floor.
You have a pair of large antennae on your head. (SInv)
Your four strong arms can wield two-handed weapons with a shield.


Message History

The acid dragon bites you. The acid dragon barely misses you.
You closely miss the acid dragon.
The acid dragon bites you but does no damage.
The acid dragon claws you but does no damage.
You hit the acid dragon but do no damage.
You block the acid dragon's attack. x2
You slash the acid dragon!
The acid dragon is moderately wounded.
The acid dragon bites you.
The acid dragon claws you but does no damage.
You slash the acid dragon!
The acid dragon is severely wounded.
You hit the yak. The yak barely misses you. The acid dragon spits acid at you.
You block the splash of acid.
You hear a shout! x5
You hit the acid dragon.
The acid dragon is severely wounded.
You barely miss the yak.
The yak snorts and paws the ground.
You block the yak's attack. You block the acid dragon's attack.
The acid dragon barely misses you. The yak barely misses you.
You barely miss the acid dragon.
The acid dragon is severely wounded.
You hit the yak but do no damage. You block the acid dragon's attack.
The acid dragon claws you but does no damage.
The yak barely misses you.
You closely miss the acid dragon.
The acid dragon is severely wounded.
You hit the yak but do no damage. The acid dragon bites you.
The acid dragon claws you. You block the yak's attack.
You hit the acid dragon but do no damage.
The acid dragon is severely wounded.
You closely miss the yak.
An orc comes into view. It is wielding a +0 club.
The acid dragon spits acid at you. The splash of acid hits you!
The acid corrodes you!
You are splashed with acid!
* * * LOW HITPOINT WARNING * * *
The yak gores you!
You die...

.....# o....### #......#
#......# { #......#
{{{#......# {#YD....#
######.@....#
............#
...?........##########..
........................
........................
........................
##+#########............
#............
#............


You could see a yak, an acid dragon and an orc.

Vanquished Creatures
  4 steam dragons
  Eustachio (D:4)
  An orc warrior (D:6)
  2 ice beasts (D:6)
  2 necrophages
  2 ogres (D:5)
  A phantom (D:6)
  An elf zombie (Ossuary)
  A gnoll sergeant (D:6)
  4 bullfrogs
  2 water moccasin zombies
  A scorpion (D:7)
  3 howler monkeys
  11 wights (D:7)
  2 centaur zombies
  A jelly (D:6)
  An orc priest (D:6)
  A hound (D:5)
  5 iguanas
  An orc wizard (D:6)
  A hound zombie (D:5)
  2 mummies (Ossuary)
  A howler monkey zombie (D:7)
  10 gnolls
  4 adders
  A shadow imp (D:7)
  A white imp (D:6)
  An ufetubus (D:6)
  An adder skeleton (D:4)
  A dart slug (D:4)
  5 orcs
  6 endoplasms
  A giant cockroach (D:1)
  6 goblins
  6 hobgoblins
  3 jackals (D:1)
  5 quokkas
  A ball python (D:1)
  4 bats
  5 frilled lizards (D:2)
  2 gnoll zombies (Ossuary)
  3 goblin zombies (Ossuary)
  4 hobgoblin zombies (Ossuary)
  4 kobolds
  4 orc zombies (Ossuary)
  7 rats
136 creatures vanquished.

Notes
Turn   | Place    | Note
-------+----------+-------------------------------------------
     0 | D:1      | Banquo the Formicid Fighter began the quest for the Orb.
     0 | D:1      | Reached XP level 1. HP: 18/18 MP: 1/1
   146 | D:1      | Found a faded altar of an unknown god.
   168 | D:1      | Reached XP level 2. HP: 24/24 MP: 2/2
   187 | D:1      | Became a worshipper of Trog the Wrathful
   187 | D:1      | Reached * piety under Trog
   259 | D:1      | Reached skill level 3 in Axes
   367 | D:1      | Reached XP level 3. HP: 29/29 MP: 3/3
  1324 | D:2      | Reached ** piety under Trog
  1876 | D:3      | Reached skill level 4 in Axes
  1876 | D:3      | Reached XP level 4. HP: 27/35 MP: 4/4
  1881 | D:3      | Reached XP level 5. HP: 33/41 MP: 5/5
  1982 | D:3      | Reached skill level 5 in Axes
  2345 | D:3      | Noticed Ijyb
  2825 | D:4      | Noticed Eustachio
  2860 | D:4      | Killed Eustachio
  2861 | D:4      | Reached XP level 6. HP: 34/47 MP: 6/6
  2926 | D:4      | Found a sand-covered staircase.
  2930 | Ossuary  | Entered an ossuary
  3187 | Ossuary  | Reached skill level 6 in Axes
  3187 | Ossuary  | Reached XP level 7. HP: 25/52 MP: 7/7
  3929 | D:4      | Noticed a steam dragon
  3945 | D:4      | Killed a steam dragon
  4454 | D:5      | Entered Level 5 of the Dungeon
  4671 | D:5      | Reached skill level 7 in Axes
  5118 | D:5      | Found a staircase to the Ecumenical Temple.
  5163 | D:5      | Reached skill level 1 in Dodging
  5163 | D:5      | Reached XP level 8. HP: 57/60 MP: 8/8
  5776 | D:6      | Reached skill level 8 in Axes
  5878 | D:6      | Reached *** piety under Trog
  6466 | D:6      | Reached skill level 9 in Axes
  6466 | D:6      | Reached skill level 5 in Armour
  6466 | D:6      | Reached XP level 9. HP: 66/66 MP: 9/9
  6519 | D:6      | Found a shimmering altar of Xom.
  6519 | D:6      | Noticed a +1 war axe of chaos
  6519 | D:6      | Noticed Tzialkovskiy's ghost (novice TrBr)
  6520 | D:6      | Found a runed translucent door.
  6778 | D:6      | Reached skill level 5 in Shields
  7233 | D:7      | Reached skill level 5 in Fighting
  7436 | D:6      | Reached skill level 10 in Axes
  7762 | D:7      | Reached XP level 10. HP: 47/72 MP: 10/10
  8721 | D:8      | Slain by a yak

Illustrated notes

Levels and vault maps discovered:
D:1:      tarquinn_simple_flora_water_d, layout_basic,
          hellmonk_ecumenical_altar_dog_temple, minmay_crystal_room
D:2:      layout_basic, bh_walls_and_bars
D:3:      layout_basic, uniq_ijyb
D:4:      layout_basic, enter_ossuary_5, uniq_eustachio
D:5:      layout_loops_corners, minmay_temple_entry_purple_smoke
D:6:      minmay_spotlight, layout_loops_ring, ebering_ghost_xom
D:7:      cheibrodos_steamvent, layout_cave_pools
D:8:      layout_gridville, minmay_circle_x, uniq_joseph

Skill      XL: |  1  2  3  4  5  6  7  8  9 10 |
---------------+-------------------------------+-----
Axes           | 3 4 5 6 7 9 10 | 10.5
Shields        | 4 6 7 |  7.0
Armour         | 4 5 6 |  6.1
Fighting       | 4 5 |  5.6
Dodging        | 1 2 |  2.1

Action                   |  1- 3 |  4- 6 |  7- 9 | 10-12 || total
-------------------------+-------+-------+-------+-------++-------
Melee: War axe           |   152 |   102 |   357 |    48 ||   659
Invok: Trog's Hand       |       |     1 |     1 |       ||     2
 Abil: Dig               |     1 |     4 |    12 |     1 ||    18
  Use: Scroll            |     7 |     2 |     7 |       ||    16
 Stab: Distracted        |       |       |     1 |       ||     1
Armor: Scale mail        |    68 |    29 |    60 |       ||   157
       Plate armour      |       |       |    48 |    12 ||    60
Dodge: Dodged            |    74 |    31 |   151 |    17 ||   273
Block: Kite shield       |    87 |    41 |   181 |    21 ||   330
